 Dungeon Crawl Stone Soup version 0.30-a0-263-ge22c4ad894 (webtiles) character file.

Game seed: 16648399088920778783

201 ragingrage the Sneak (level 5, -6/26 HPs)
             Began as a Vine Stalker Brigand on Oct 13, 2022.
             Mangled by an iguana (10 damage)
             ... on level 4 of the Dungeon.
             The game lasted 00:03:03 (2867 turns).

ragingrage the Sneak (Vine Stalker Brigand)         Turns: 2867, Time: 00:03:04

Health: -6/26      AC:  4    Str: 14    XL:     5   Next: 79%
Magic:  0/6        EV: 11    Int: 11    God:
Gold:   164        SH:  0    Dex: 17    Spells: 4/4 levels left

rFire   . . .      SeeInvis .    a - +2 dagger
rCold   . . .      Faith    .    (no shield)
rNeg    . . .      Spirit   +    b - +0 robe
rPois   .          Reflect  .    j - +0 helmet
rElec   .          Harm     .    c - +0 cloak
rCorr   .          Rampage  .    (no gloves)
Will    .....                    (no boots)
Stlth   ++++......               (no amulet)
HPRegen 1.04/turn                (no ring)
MPRegen 0.10/turn                (no ring)

@: no status effects
A: fangs 2, regeneration 1, magic shield, antimagic bite, no potion heal 2
a: no special abilities


You were on level 4 of the Dungeon.
You visited 1 branch of the dungeon, and saw 4 of its levels.

You collected 164 gold pieces.

Inventory:

Hand Weapons
 a - a +2 dagger (weapon)
Missiles
 d - 9 poisoned darts (quivered)
 e - 2 curare-tipped darts
Armour
 b - a +0 robe (worn)
 c - a +0 cloak (worn)
 j - a +0 helmet (worn)
Wands
 m - a wand of paralysis (9)
Scrolls
 f - a scroll of teleportation {unknown}
 g - a scroll of acquirement {unknown}
 h - 3 scrolls of identify
 n - a scroll of enchant weapon {unknown}
 o - a scroll of blinking {unknown}
 q - 3 scrolls of immolation {unknown}
 r - a scroll of enchant armour {unknown}
 s - a scroll of silence {unknown}
Potions
 i - 4 potions of curing
 k - a potion of mutation {unknown}
 l - a potion of haste {unknown}
 p - a potion of invisibility {unknown}


   Skills:
 - Level 1.7 Fighting
 * Level 4.2 Short Blades
 - Level 1.7 Throwing
 - Level 0.7 Dodging
 + Level 6.6 Stealth


You had 4 spell levels left.
You didn't know any spells.
Your spell library was empty.

Dungeon Overview and Level Annotations

Branches:
Dungeon (4/15)
 Temple: D:4-7

Altars:

Shops:
D:1 *


Innate Abilities, Weirdness & Mutations

You have extremely sharp teeth.
Your natural rate of healing is unusually fast.
When hurt, damage is shared between your health and your magic reserves.
Your bite disrupts and absorbs the magic of your enemies.
Potions cannot restore your health.


Message History

The iguana bites you!
You barely miss the iguana. Your bite misses the iguana.
The iguana is lightly wounded.
You hit the iguana but do no damage. You punch the iguana, but do no damage.
Your bite misses the iguana.
The iguana is lightly wounded.
The iguana barely misses you.
You barely miss the iguana. Your bite misses the iguana.
The iguana is lightly wounded.
The iguana bites you but does no damage.
You hit the iguana but do no damage. Your bite misses the iguana.
The iguana is lightly wounded.
The iguana closely misses you.
You closely miss the iguana. You bite the iguana, but do no damage.
The iguana is lightly wounded.
The iguana barely misses you.
You hit the iguana. You bite the iguana, but do no damage.
The iguana is lightly wounded.
You barely miss the iguana.
The iguana is lightly wounded.
The iguana bites you!
You hit the iguana.
The iguana is moderately wounded.
The iguana bites you!
* * * LOW HITPOINT WARNING * * *
You barely miss the iguana.
The iguana is moderately wounded.
The iguana hisses menacingly.
The iguana bites you but does no damage.
Throw: 3 darts (curare)
Press: ? - help, Shift-Dir - straight line, f/p - iguana
Aim: an iguana (moderately wounded, 63% to hit)
You throw a curare-tipped dart. The curare-tipped dart hits the iguana.
The iguana is poisoned.
The iguana convulses.
The iguana seems to slow down.
The iguana is heavily wounded.
You hit the iguana but do no damage. You bite the iguana, but do no damage.
The iguana is heavily wounded.
The iguana bites you!
You die...

g.. #.. #.. .l #.##
#..# #..# #..####
#).l@.#
.###########.#
........# #.#
........# ##.######
.(.......###.......#
...................#
#..................#
#>.................#
...................#


You could see an iguana (very poisoned, slow).

Vanquished Creatures
  2 iguanas (D:4)
  4 gnolls (D:3)
  6 adders
  A shadow imp (D:4)
  A dart slug (D:1)
  2 orcs
  5 ball pythons
  4 bats
  3 endoplasms
  3 giant cockroaches
  4 goblins
  2 hobgoblins
  2 jackals (D:3)
  2 kobolds
  4 quokkas
  2 frilled lizards (D:3)
  4 rats
51 creatures vanquished.

Notes
Turn   | Place    | Note
-------+----------+-------------------------------------------
     0 | D:1      | ragingrage the Vine Stalker Brigand began the quest for the
                  | Orb.
     0 | D:1      | Reached XP level 1. HP: 11/11 MP: 2/2
    76 | D:1      | Reached skill level 5 in Stealth
   150 | D:1      | Found Fihotopp's General Store.
   212 | D:1      | Reached XP level 2. HP: 14/15 MP: 3/3
   689 | D:2      | Reached XP level 3. HP: 17/18 MP: 4/4
  1853 | D:3      | Gained mutation: Your natural rate of healing is unusually
                  | fast. [Vine Stalker growth]
  1853 | D:3      | Reached XP level 4. HP: 23/23 MP: 5/5
  1944 | D:3      | Reached skill level 6 in Stealth
  2540 | D:3      | Reached XP level 5. HP: 25/26 MP: 6/6
  2867 | D:4      | Mangled by an iguana

Illustrated notes

Levels and vault maps discovered:
D:1:      zaba_arrival_water, layout_loops_ring, serial_shops, shop_fountains
D:2:      layout_basic, minmay_tall_x
D:3:      layout_basic, serial_glass, glass_columns_b, glass_columns_c,
          grunt_decor_arrowhead, chequers_decorated_corner,
          minmay_misc_feat_square
D:4:      minmay_angry_zag, layout_basic, serial_shops, nicolae_shop_waterfront,
          gammafunk_ghost_mausoleum, uniq_edmund

Skill      XL: |  1  2  3  4  5 |
---------------+----------------+-----
Stealth        | 5 6 |  6.6
Short Blades   | 2 3 4 |  4.2
Fighting       | |  1.7
Throwing       | |  1.7
Dodging        | |  0.7

Action                   |  1- 3 |  4- 6 || total
-------------------------+-------+-------++-------
Melee: Dagger            |    66 |   101 ||   167
       Bite              |    12 |    25 ||    37
       Punch             |       |     4 ||     4
Throw: Dart              |       |    22 ||    22
Evoke: Wand              |     1 |       ||     1
  Use: Scroll            |     1 |       ||     1
 Stab: Sleeping          |     8 |     5 ||    13
       Distracted        |     1 |     1 ||     2
Armor: Robe              |    17 |    22 ||    39
Dodge: Dodged            |    38 |    41 ||    79

Table legend: (Time is in decaauts)
 A = Elapsed time spent in this place.
 B = Non-inter-level travel time spent in this place.
 C = Inter-level travel time spent in this place.
 D = Time resting spent in this place.
 E = Time spent auto-exploring this place.
 F = Levels seen in this place.
 G = Mean time per level.
                   A        B        C        D        E       F      G
               +--------+--------+--------+--------+--------+-----+--------+
         Total |   2846 |   2660 |    186 |    279 |   1880 |   4 |  711.5 |
       Dungeon |   2846 |   2660 |    186 |    279 |   1880 |   4 |  711.5 |
               +--------+--------+--------+--------+--------+-----+--------+

Top non-repeatable levels by time:
     D:2: 1130 daAuts
     D:3: 1010 daAuts
     D:1: 611 daAuts
     D:4: 94 daAuts
